Map: Ephemeron LE

Players

BackupJ

  • Race: Protoss Protoss
  • Spawn Location: 11:00

DisK - Winner!

  • Race: Protoss Protoss
  • Spawn Location: 5:00

VOD

Have the link to the VOD?

Description

Time

  • Played on: Sept. 6, 2019, 5:51 p.m.
  • Length: 10:12
Show
View Real Time Build Order
Export as new Build Order

BackupJ Protoss 

Build Orders: Phoenix Opening 

Get SALT Encoding   

  12  0:00  Probe  
  13  0:12  Probe  
  14  0:17  Pylon  
  14  0:23  Probe  
  15  0:31  Probe  
  16  0:38  Gateway  
  16  0:39  Probe  
  16  0:46  Assimilator  
  17  0:51  Probe  
  17  0:54  Assimilator  
  18  0:59  Probe  
  19  1:07  Gateway, Probe  
  19  1:18  Probe  
  20  1:25  Cybernetics Core  
  21  1:30  Probe  
  22  1:34  Pylon  
  22  1:42  Probe  
  23  1:54  Probe  
  24  2:01  Warp Gate, Stalker  
  24  2:02  Sentry  
  24  2:06  Probe  
  29  2:12  Pylon  
  29  2:18  Probe  
  30  2:25  Stargate  
  30  2:27  Pylon  
  30  2:34  Stalker  
  32  2:45  Shield Battery  
  32  2:56  Probe  
  33  3:08  Phoenix  
  33  3:09  Pylon  
  33  3:12  Phoenix  
  31  3:19  Probe  
  33  3:30  Phoenix  
  33  3:31  Probe  
  36  3:44  Nexus  
  36  3:50  Pylon  
  36  3:53  Phoenix  
  36  4:02  Probe  
  39  4:12  Robotics Facility  
  39  4:14  Probe  
  40  4:18  Phoenix  
  42  4:25  Probe  
  43  4:33  Probe  
  44  4:42  Probe  
  45  4:53  Probe  
  45  4:55  Immortal, Probe  
  47  5:01  Forge  
  47  5:05  Probe  
  52  5:08  Probe  
  53  5:17  Sentry  
  53  5:18  Probe  
  53  5:20  Probe  
  53  5:21  Pylon  
  57  5:30  Probe  
  57  5:32  Immortal, Probe  
  59  5:39  Gateway  
  63  5:43  Gateway  
  63  5:45  Protoss Ground Weapons Level 1  
  63  5:51  Photon Cannon  
  63  5:57  Photon Cannon  
  63  6:00  Shield Battery  
  63  6:04  Shield Battery  
  63  6:07  Pylon  
  63  6:15  Probe x2  
  65  6:19  Assimilator  
  65  6:21  Assimilator  
  65  6:23  Probe x2  
  65  6:24  Observer  
  65  6:25  Twilight Council  
  66  6:26  Pylon  
  66  6:29  Pylon  
  66  6:31  Probe  
  66  6:32  Photon Cannon  
  68  6:34  Shield Battery  
  67  6:40  Gateway  
  67  6:43  Photon Cannon  
  67  6:49  Sentry  
  67  6:50  Stalker  
  71  6:55  Stalker  
  73  7:05  Stalker  
  67  7:12  Stalker  
  60  7:16  Stalker  
  56  7:22  Stalker  
  51  7:31  Probe  
  51  7:32  Probe  
  48  7:39  Stalker  
  48  7:40  Stalker  
  48  7:42  Zealot x2  
  50  7:47  Probe  
  50  7:50  Probe  
  46  7:52  Stalker  
  43  7:59  Probe  
  42  8:10  Probe x2  
  42  8:18  Probe  
  45  8:28  Zealot x2  
  45  8:33  Zealot  
  37  9:00  Zealot x2  
  32  9:10  Probe  
  33  9:19  Zealot  
  26  9:35  Probe  
  26  9:41  Probe  
  27  9:49  Probe  
  27  9:51  Probe  
  28  9:57  Probe  
Show
View Real Time Build Order
Export as new Build Order

DisK Protoss - Winner!

Build Orders:  

Get SALT Encoding   

  12  0:00  Probe  
  13  0:12  Probe  
  14  0:17  Pylon  
  14  0:24  Probe  
  15  0:33  Probe  
  15  0:35  Gateway  
  15  0:41  Probe  
  16  0:47  Assimilator  
  17  0:51  Probe  
  17  0:56  Assimilator  
  18  0:59  Probe  
  19  1:07  Probe  
  19  1:12  Gateway  
  19  1:17  Probe  
  20  1:25  Cybernetics Core  
  21  1:30  Probe  
  22  1:35  Pylon  
  22  1:42  Probe  
  23  1:54  Probe  
  24  2:03  Warp Gate, Adept x2  
  28  2:10  Probe  
  28  2:13  Pylon  
  29  2:35  Stalker x2  
  33  2:58  Robotics Facility  
  33  3:06  Pylon  
  33  3:11  Probe  
  33  3:12  Stalker x2  
  35  3:20  Shield Battery  
  35  3:24  Probe  
  36  3:32  Nexus  
  34  3:36  Probe  
  35  3:46  Probe  
  35  3:54  Stalker  
  39  3:57  Probe  
  39  4:00  Pylon  
  39  4:06  Twilight Council  
  39  4:18  Probe  
  39  4:22  Observer  
  41  4:30  Probe  
  42  4:31  Adept x2  
  42  4:35  Shield Battery  
  46  4:42  Probe  
  47  4:45  Resonating Glaives  
  47  4:47  Probe  
  48  4:53  Probe  
  48  4:54  Stalker  
  48  4:56  Probe  
  48  4:59  Stalker  
  54  5:01  Probe  
  54  5:04  Probe  
  55  5:09  Probe  
  55  5:12  Pylon  
  54  5:23  Gateway x2  
  54  5:28  Gateway  
  53  5:34  Warp Prism  
  53  5:37  Gateway  
  53  5:38  Pylon  
  55  5:53  Adept x2  
  59  5:59  Assimilator  
  59  6:00  Assimilator  
  59  6:02  Pylon  
  59  6:04  Observer  
  59  6:06  Probe x2  
  59  6:09  Pylon  
  61  6:17  Adept x3  
  67  6:20  Adept  
  69  6:26  Adept  
  69  6:30  Pylon  
  71  6:42  Adept x5  
  71  6:44  Adept  
  83  7:07  Adept x2  
  81  7:08  Adept x2  
  81  7:09  Adept  
  81  7:10  Adept  
  65  7:33  Warp Prism  
  65  7:34  Adept x3  
  65  7:35  Adept x3  
  71  7:46  Observer  
  69  7:56  Adept  
  69  7:57  Adept x5  
  73  7:59  Observer  
  73  8:03  Probe x2, Charge  
  73  8:04  Assimilator x2  
  69  8:14  Templar Archives  
  66  8:36  Adept x3  
  66  8:37  Probe, Adept x3  
  66  8:38  Observer, Probe  
  67  9:07  High Templar x2  
  67  9:08  Zealot x2  
  75  9:12  Warp Prism  
  75  9:14  High Templar x2  
  81  9:18  Gateway  
  81  9:22  Archon x2  
  77  9:33  Forge  
  77  9:34  Nexus  
  77  9:36  Pylon  
  75  9:41  High Templar x2  
  75  9:44  Zealot  
  75  9:45  Zealot  
  81  9:46  Archon  
  81  9:48  Zealot  
  81  9:50  Zealot  
Tags
 
Matchup
PvP
Player
DisK
Spawn Locations
Cross Positions
Add a new tag
Caveats
  • Supply blocks, unpowered buildings, or Contaminate may cause inaccurate times.
  • Supply counts are checked every 10 seconds.